 Dungeon Crawl Stone Soup version 0.29.1-1-gd02db69 (webtiles) character file.

Game seed: 17598978535395816117

160 Chompyraptor the Sneak (level 5, -1/24 HPs)
             Began as a Spriggan Enchanter on Nov 8, 2022.
             Was an Initiate of Dithmenos.
             Slain by an adder (3 damage)
             ... on level 5 of the Dungeon.
             The game lasted 00:15:11 (3886 turns).

Chompyraptor the Sneak (Spriggan Enchanter)         Turns: 3886, Time: 00:15:15

Health: -1/24      AC:  2    Str:  4    XL:     5   Next: 17%
Magic:  2/11       EV: 23    Int: 16    God:    Dithmenos [......]
Gold:   200        SH:  0    Dex: 18    Spells: 6/11 levels left

rFire   . . .      SeeInvis +   a - +1 dagger
rCold   . . .      Faith    .   (no shield)
rNeg    . . .      Spirit   .   b - +0 robe
rPois   .          Reflect  .   e - +0 hat
rElec   .          Harm     .   g - scarf {repulsion}
rCorr   .          Rampage  .   (gloves unavailable)
Will    .....                   (boots unavailable)
Stlth   +++.......              o - amulet of regeneration
HPRegen 0.88/turn               h - +4 ring of evasion
MPRegen 0.12/turn               (no ring)

@: lethally poisoned (-1 -> -1), repel missiles, very quick
A: very small, no large weapons, unfitting armour, see invisible, speed 3
a: Renounce Religion


You were on level 5 of the Dungeon.
You worshipped Dithmenos.
Dithmenos was noncommittal.
You visited 2 branches of the dungeon, and saw 6 of its levels.

You collected 200 gold pieces.

Inventory:

Hand Weapons
 a - a +1 dagger (weapon)
 A - the +9 spear of Sunlight {vorpal, rElec rF+ MP+9 Dex+2}
   (You found it on level 4 of the Dungeon)

   It inflicts extra damage upon your enemies.
   Dex:       It affects your dexterity (+2).
   rF:        It protects you from fire.
   rElec:     It insulates you from electricity.
   MP:        It affects your magic capacity (+9).
Missiles
 w - 4 datura-tipped darts
Armour
 b - a +0 robe (worn)
 e - a +0 hat (worn)
 g - a scarf of repulsion (worn)
Jewellery
 h - a +4 ring of evasion (left hand)
 l - an amulet of magic regeneration
 o - an amulet of regeneration (around neck)
Wands
 t - a wand of paralysis (8)
 y - a wand of flame (18)
Scrolls
 d - 3 scrolls of teleportation {unknown}
 j - 2 scrolls of blinking {unknown}
 k - a scroll of silence {unknown}
 p - a scroll of noise {unknown}
 q - 3 scrolls of poison {unknown}
 u - 2 scrolls of enchant armour {unknown}
 v - a scroll of immolation {unknown}
 x - a scroll of magic mapping {unknown}
 B - 4 scrolls of identify {unknown}
Potions
 c - 2 potions of invisibility
 f - a potion of magic {unknown}
 i - 2 potions of mutation {unknown}
 m - a potion of might {unknown}
 n - 2 potions of haste {unknown}
 r - 2 potions of curing {unknown}
 s - a potion of degeneration {unknown}
 z - a potion of resistance {unknown}


   Skills:
 + Level 2.5 Short Blades
 + Level 3.9 Dodging
 + Level 5.7 Stealth
 + Level 3.8 Spellcasting
 + Level 4.4 Hexes


You had 6 spell levels left.
You knew the following spells:

 Your Spells              Type           Power      Damage    Failure   Level
a - Ensorcelled Hibernat  Hex/Ice        20%        N/A       11%         2
b - Swiftness             Air            3%         N/A       45%         3

Your spell library contained the following spells:

 Spells                   Type           Power      Damage    Failure   Level
 Confusing Touch          Hex            17%        N/A       9%          3
 Tukima's Dance           Hex            17%        N/A       9%          3
 Foxfire                  Conj/Fire      12%        2x1d4     17%         1
 Shock                    Conj/Air       12%        1d3       17%         1
 Dazzling Flash           Conj/Hex       20%        N/A       21%         3
 Inner Flame              Hex/Fire       10%        N/A       21%         3
 Conjure Flame            Conj/Fire      3%         6-21      45%         3
 Airstrike                Air            1%         2d(1-17)  86%         4
 Flame Wave               Conj/Fire      3%         2d5       86%         4


Dungeon Overview and Level Annotations

Branches:
Dungeon (5/15)             Temple (1/1) D:4

Altars:
Ashenzari
Cheibriados
Dithmenos
Gozag
Kikubaaqudgha
Nemelex Xobeh
Qazlal
Ru
Sif Muna
Trog
Uskayaw
Vehumet
Wu Jian
Yredelemnul
The Shining One

Annotations:
D:2 Sigmund
D:3 1 runed translucent door, Crazy Yiuf


Innate Abilities, Weirdness & Mutations

You are very small and have problems with some larger weapons.
You are too small for most types of armour.
You have supernaturally acute eyesight. (SInv)
You cover ground extremely quickly. (Speed+++)


Message History

Found a stone staircase leading down.
There is a stone staircase leading up here.
Your magical contamination has completely faded away.
A gnoll is nearby!
The gnoll looks drowsy...
The gnoll misses you. The adder bites you.
You are poisoned.
The adder poisons you!
You barely miss the adder.
You feel sick. The adder barely misses you. The gnoll closely misses you.
You closely miss the adder.
You feel sick. The adder misses you. The gnoll completely misses you.
You hit the adder.
The adder is lightly wounded.
You feel sick. The adder bites you.
You are more poisoned.
The adder poisons you! The gnoll misses you.
You barely miss the adder.
The adder is lightly wounded.
You feel sick. The adder misses you. The gnoll misses you.
The gnoll sergeant barely misses you. The adder misses you.
You hit the adder.
The adder is heavily wounded.
You feel sick. The adder misses you.
You miss the adder.
The adder is heavily wounded.
You feel sick. The gnoll misses you. The gnoll sergeant barely misses you.
The adder completely misses you.
You hit the adder but do no damage.
The adder is heavily wounded.
You feel sick. The gnoll completely misses you.
The gnoll sergeant hits you from afar with a +0 spear.
The adder completely misses you.
You hit the adder.
The adder is almost dead.
You feel sick. The gnoll closely misses you.
The gnoll sergeant hits you from afar with a +0 spear!
* * * LOW HITPOINT WARNING * * *
The adder bites you.
You die...

#.......# #...#
#.#####.# #.### ###
#.###.#######.#
....#.............#####
........#.#.##........#
.......SSg.g......#.###
......).#.#.##g##.#.#
....g...#.#.#SgS#.#.#
........#.#.#.#@#.#.#
........#.#.#.#.#.#.#
..........#.#.#.#.#.#
......_...#.#...#.#.#
...........>#####.#


You could see a gnoll sergeant, a gnoll and 2 adders.

Vanquished Creatures
  A hound (D:4)
  5 gnolls
  2 adders
  2 dart slugs
  2 orcs
  4 ball pythons
  5 endoplasms
  A hobgoblin (D:1)
  3 jackals (D:4)
  9 kobolds
  2 quokkas
  7 bats
  4 frilled lizards (D:1)
  5 goblins
  8 rats
60 creatures vanquished.

Vanquished Creatures (others)
  5 demonic plants (D:2)
  5 fungi (D:2)
  3 plants (D:2)
  6 withered plants (D:2)
19 creatures vanquished.

Grand Total: 79 creatures vanquished

Notes
Turn   | Place    | Note
-------+----------+-------------------------------------------
     0 | D:1      | Chompyraptor the Spriggan Enchanter began the quest for the
                  | Orb.
     0 | D:1      | Reached XP level 1. HP: 9/9 MP: 5/5
   464 | D:2      | Reached XP level 2. HP: 3/13 MP: 6/6
   739 | D:2      | Learned a level 2 spell: Ensorcelled Hibernation
  1077 | D:2      | Noticed Sigmund
  1707 | D:2      | Reached XP level 3. HP: 15/16 MP: 5/8
  1784 | D:2      | Found a faded altar of an unknown god.
  2024 | D:2      | Learned a level 3 spell: Swiftness
  2332 | D:3      | Found a runed translucent door.
  2333 | D:3      | Noticed Crazy Yiuf
  2381 | D:3      | Reached skill level 5 in Stealth
  2621 | D:3      | Found a basalt altar of Yredelemnul.
  2709 | D:3      | Reached XP level 4. HP: 13/21 MP: 2/10
  3109 | D:4      | Identified the +9 spear of Sunlight {vorpal, rElec rF+ MP+9
                  | Dex+2}
  3299 | D:4      | Reached XP level 5. HP: 24/24 MP: 8/11
  3533 | D:4      | Found a staircase to the Ecumenical Temple.
  3539 | Temple   | Entered the Ecumenical Temple
  3551 | Temple   | Became a worshipper of Dithmenos the Shadowed
  3811 | D:5      | Entered Level 5 of the Dungeon
  3857 | D:5      | Found a stormy altar of Qazlal.
  3886 | D:5      | Slain by an adder

Illustrated notes

Levels and vault maps discovered:
D:1:      heliophobic_arrival_battle_scene, layout_rooms
D:2:      layout_basic, shapermc_ecumenical_altar_gd, minivault_27, uniq_sigmund
D:3:      layout_rooms, mainiacjoe_overflow_six_doors_small,
          corexii_leaking_fountain, uniq_crazy_yiuf_cottage
D:4:      layout_cave_pools, minmay_temple_entry_statues_pillars, st_stairs_6
D:5:      layout_basic, overflow_temple_1_default, gammafunk_ghost_mausoleum,
          moated_statue, grunt_tough_drop, uniq_grinder
Temple:   nicolae_temple_bog_church

Skill      XL: |  1  2  3 |
---------------+----------+-----
Dodging        | 3 |  3.9
Spellcasting   | 3 |  3.8
Hexes          | 4 |  4.4
Short Blades   | 2 |  2.5
Stealth        | 5 |  5.7

Action                   |  1- 3 |  4- 6 || total
-------------------------+-------+-------++-------
Melee: Dagger            |    84 |    27 ||   111
 Cast: Ensorcelled Hiber |    40 |    14 ||    54
 Stab: Sleeping          |    27 |    14 ||    41
Armor: Robe              |     4 |       ||     4
Dodge: Dodged            |    73 |    26 ||    99
       Repelled          |     2 |       ||     2
